 Dungeon Crawl Stone Soup version 0.30.0-30-g96aa6591b8 (webtiles) character file.

Game seed: 8090850333644359284

84 Ayven the Covered (level 4, 0/40 HPs)
             Began as a Minotaur Fighter on June 29, 2023.
             Succumbed to Sigmund's poison
             ... on level 2 of the Dungeon.
             The game lasted 00:03:59 (1036 turns).

Ayven the Covered (Minotaur Fighter)                Turns: 1036, Time: 00:04:00

Health: 0/40       AC:  7    Str: 22    XL:     4   Next: 23%
Magic:  3/3        EV: 10    Int:  5    God:
Gold:   64         SH:  4    Dex: 10    Spells: 3/3 levels left

rFire   . . .        a - +0 war axe
rCold   . . .        c - +0 buckler
rNeg    . . .        b - +0 scale mail
rPois   .            (helmet restricted)
rElec   .            (no cloak)
rCorr   .            (no gloves)
SInv    .            (no boots)
Will    .....        (no amulet) Stlth
                     (no ring)
HPRegen 0.26/turn    (no ring)
MPRegen 0.08/turn

%: no passive effects
@: lethally poisoned (0 -> -15)
A: horns 2, retaliatory headbutt
a: no special abilities


You were on level 2 of the Dungeon.
You visited 1 branch of the dungeon, and saw 2 of its levels.

You collected 64 gold pieces.

Inventory:

Hand Weapons
 a - a +0 war axe (weapon)
Armour
 b - a +0 scale mail (worn)
 c - a +0 buckler (worn)
Scrolls
 f - a scroll of acquirement {unknown}
 g - a scroll of vulnerability {unknown}
Potions
 d - a potion of might
 e - a potion of lignification {unknown}
 h - 3 potions of brilliance {unknown}
 i - a potion of heal wounds {unknown}


   Skills:
 + Level 4.1 Fighting
 * Level 4.0 Axes
 + Level 4.3 Armour
 * Level 1.4 Dodging
 - Level 3.6 Shields


You had 3 spell levels left.
You didn't know any spells.
Your spell library was empty.

Dungeon Overview and Level Annotations

Branches:
Dungeon (2/15)

Altars:
Uskayaw

Annotations:
D:2 Sigmund


Innate Abilities, Weirdness & Mutations

You have a pair of horns on your head.
You reflexively headbutt those who attack you in melee.


Message History

Found 8 gold pieces.
A worm comes into view.
You see here 5 gold pieces.
The worm bites you!
You slash the worm! You headbutt the worm.
You kill the worm!
You now have 56 gold pieces (gained 5).
You now have 64 gold pieces (gained 8).
Sigmund the Dreaded comes into view.
He is wielding a +2 scythe of venom.
Sigmund shouts!
You hear an angry hiss.
Sigmund casts a spell at you. The puff of flame hits you!
An adder comes into view.
Sigmund casts a spell at you.
You are confused.
You're too confused to move!
Sigmund's eyes start glowing with a red light.
You slash the adder!
You kill the adder!
You feel less confused.
Sigmund hits you from afar with a +2 scythe of venom!
You are poisoned.
Your Axes skill increases to level 4!
You feel very sick. You block Sigmund's attack.
You closely miss Sigmund.
You feel very sick.
Sigmund mumbles some strange words.
Sigmund flickers and vanishes!
Deactivating autopickup; reactivate with Ctrl-A.
You miss something.
You feel sick.
You hear some strange, mumbled words.
A magic dart appears from out of thin air!
The magic dart hits you!
* * * LOW HITPOINT WARNING * * *
You miss something.
You feel sick. Something hits you.
* * * LOW HITPOINT WARNING * * *
You are lethally poisoned!
You closely miss something.
You die...

........................#
....[...#.#.............#
####....#+#.............#
.............>......#.#
....##.......##......#..
..... #..........<......#
..... #..................
#..._.............#
...##{@........###....#
................###....#
.......................#
.......................#
......................
......................
......................
.....#######..........
.... #..........


There were no monsters in sight!

Vanquished Creatures
  4 gnolls (D:2)
  2 adders (D:2)
  A worm (D:2)
  3 ball pythons (D:1)
  2 endoplasms
  2 giant cockroaches (D:1)
  4 goblins
  3 hobgoblins
  A bat (D:2)
  A frilled lizard (D:1)
  A kobold (D:1)
  2 rats
26 creatures vanquished.

Notes
Turn   | Place    | Note
-------+----------+-------------------------------------------
     0 | D:1      | Ayven the Minotaur Fighter began the quest for the Orb.
     0 | D:1      | Reached XP level 1. HP: 19/19 MP: 0/0
    53 | D:1      | Found a faded altar of an unknown god.
   275 | D:1      | Reached XP level 2. HP: 27/27 MP: 1/1
   830 | D:2      | Reached skill level 1 in Dodging
   841 | D:2      | Reached XP level 3. HP: 24/33 MP: 2/2
   979 | D:2      | Reached XP level 4. HP: 31/40 MP: 3/3
   986 | D:2      | Found a hide-covered altar of Uskayaw.
  1024 | D:2      | Noticed Sigmund
  1036 | D:2      | Succumbed to Sigmund's poison

Illustrated notes

Levels and vault maps discovered:
D:1:      ncdulo_halloftheorcs, layout_basic, shapermc_ecumenical_altar_gd,
          chequers_avenue
D:2:      layout_basic, basic_altar, uniq_sigmund, uniq_crazy_yiuf_cottage

Skill      XL: |  1  2  3  4 |
---------------+-------------+-----
Armour         | 4 |  4.3
Axes           | 3 4 |  4.0
Dodging        | 1 |  1.4
Fighting       | 4 |  4.1
Shields        | |  3.6

Action                     |  1- 3 |  4- 6 || total
---------------------------+-------+-------++-------
  Melee: War axe           |    94 |     6 ||   100
         Headbutt          |    29 |     1 ||    30
    Use: Potion            |     1 |       ||     1
 Armour: Scale mail        |    37 |       ||    37
  Dodge: Dodged            |    30 |       ||    30
  Block: Buckler           |    17 |     1 ||    18
